 Dungeon Crawl Stone Soup version 0.25-a0-317-g5f8687bca5 (webtiles) character file.

Game seed: 907099579696972224, levelgen mode: deterministic

195 D1HalberdGnoll the Covert (level 5, -4/24 HPs)
             Began as a Vampire Assassin on Dec 27, 2019.
             Slain by an orc priest
             ... wielding a +0 short sword
              (6 damage)
             ... on level 3 of the Dungeon.
             The game lasted 00:03:30 (2652 turns).

D1HalberdGnoll the Covert (Vampire Assassin)        Turns: 2652, Time: 00:03:31

Health: -4/24      AC:  4    Str: 11    XL:     5   Next: 45%
Magic:  5/5        EV: 11    Int: 13    God:
Gold:   123        SH:  0    Dex: 16    Spells: 4/4 levels left

rFire    . . .     SeeInvis +   a - +2 dagger
rCold    + + .     Gourm    .   (no shield)
rNeg     + + +     Faith    .   l - +0 leather armour
rPois    ∞         Spirit   .   (no helmet)
rElec    .         Reflect  .   c - +0 cloak
rCorr    .         Harm     .   (no gloves)
MR       .....                  (no boots)
Stlth    ++++++....             (no amulet)
HPRegen  0.00/turn              (no ring)
MPRegen  0.09/turn              (no ring)

@: bloodless
A: no food, fangs 3, see invisible, [frail 2], unbreathing
a: Bat Form, Revivify


You were on level 3 of the Dungeon.
You were bloodless.

You visited 1 branch of the dungeon, and saw 3 of its levels.

You collected 123 gold pieces.

Inventory:

Hand Weapons
 a - a +2 dagger (weapon)
Missiles
 d - 21 poisoned darts (quivered)
 e - 2 curare-tipped darts
Armour
 c - a +0 cloak (worn)
 l - a +0 leather armour (worn)
Jewellery
 b - an uncursed ring of protection from cold {unknown}
Wands
 s - a wand of paralysis (13)
Scrolls
 f - 4 scrolls of identify {unknown}
 g - 2 scrolls of remove curse {unknown}
 h - 3 scrolls of teleportation {unknown}
 i - a scroll of amnesia {unknown}
 k - 2 scrolls of magic mapping {unknown}
 n - a scroll of enchant weapon {unknown}
 o - a scroll of enchant armour {unknown}
 q - 2 scrolls of fog {unknown}
 t - 3 scrolls of immolation {unknown}
Potions
 j - 2 potions of agility {unknown}
 m - a potion of lignification {unknown}
 p - a potion of degeneration {unknown}
 r - a potion of flight {unknown}


   Skills:
 + Level 2.9 Fighting
 + Level 3.6 Short Blades
 - Level 1.5 Throwing
 - Level 1.1 Dodging
 * Level 8.4 Stealth


You had 4 spell levels left.
You didn't know any spells.
Your spell library was empty.

Dungeon Overview and Level Annotations

Branches:
Dungeon (3/15)

Altars:


Innate Abilities, Weirdness & Mutations

You do not eat.
You do not regenerate when monsters are visible.
You are frail without blood (-20% HP).
You can heal yourself when you bite living creatures.
You are immune to poison.
You have razor-sharp teeth.
You have supernaturally acute eyesight. (SInv)
You can survive without breathing.
[You are very frail. (-20% HP)]


Message History

The orc priest barely misses you.
Throwing (i - inventory. (/) - cycle)
d - 22 poisoned darts (quivered)
Press: ? - help, Shift-Dir - straight line, p - orc priest You throw a poisoned dart.
The poisoned dart hits the orc priest.
The orc priest is poisoned.
The orc priest is almost dead.
The orc hits you but does no damage. The orc hits you with a +0 club.
The orc priest invokes the aid of Beogh against you.
Beogh smites you!
* * * LOW HITPOINT WARNING * * *
You hit the orc priest but do no damage.
The orc priest is almost dead.
The orc closely misses you. The orc completely misses you.
The orc priest misses you.
You hit the orc priest but do no damage.
The orc priest is almost dead.
The orc hits you with a +0 club.
* * * LOW HITPOINT WARNING * * *
The orc priest hits you with a +0 short sword.
You die...

................# ###..#
................#####....#### #
................#.....#.....#..
.......##.....%.#.###..........
#.....###.......(....$#........
#....###................)......
#................(#####.....o..
.....##........oo## ##....o.?
........o@# ....#.. ...###..##
>...... .......## .......
......# ....... ..##.. .......
. #.. ##


You could see an orc priest and 2 orcs.

Vanquished Creatures
  A big kobold (D:3)
  2 adders (D:2)
  3 worms (D:2)
  4 dart slugs (D:1)
  4 leopard geckos
  An orc (D:3)
  5 giant cockroaches
  3 goblins
  9 hobgoblins
  4 jackals (D:2)
  A ball python (D:1)
  9 bats
  5 frilled lizards (D:1)
  29 kobolds
  2 rats (D:1)
82 creatures vanquished.

Notes
Turn   | Place    | Note
-------+----------+-------------------------------------------
     0 | D:1      | D1HalberdGnoll the Vampire Assassin began the quest for the
                  | Orb.
     0 | D:1      | Reached XP level 1. HP: 16/16 MP: 1/1
    34 | D:1      | Reached skill level 6 in Stealth
   107 | D:1      | Reached XP level 2. HP: 17/17 MP: 2/2
   531 | D:1      | Reached XP level 3. HP: 17/21 MP: 3/3
   897 | D:2      | Reached skill level 7 in Stealth
  1535 | D:2      | Reached XP level 4. HP: 23/23 MP: 4/4
  2380 | D:3      | Noticed a big kobold
  2381 | D:3      | Killed a big kobold
  2381 | D:3      | Reached skill level 8 in Stealth
  2381 | D:3      | Reached XP level 5. HP: 21/24 MP: 5/5
  2652 | D:3      | Slain by an orc priest

Levels and vault maps discovered:
D:1:      mrwooster_arrival_arrow, layout_rooms
D:2:      layout_basic, first_ration, chequers_decorated_corner
D:3:      minmay_goblin_kobold_castle, layout_rooms, minmay_joined_circles

Skill      XL: |  1  2  3  4 |
---------------+-------------+-----
Stealth        | 6 7 8 |  8.4
Fighting       | 2 |  2.9
Short Blades   | 3 |  3.6
Throwing       | |  1.5
Dodging        | |  1.1

Action                   |  1- 3 |  4- 6 || total
-------------------------+-------+-------++-------
Melee: Dagger            |   119 |   141 ||   260
       Bite              |     5 |    10 ||    15
Throw: Dart              |     2 |     7 ||     9
 Abil: Exsanguinate      |     2 |     1 ||     3
       Revivify          |     1 |     1 ||     2
 Stab: Sleeping          |    10 |    10 ||    20
       Distracted        |       |     1 ||     1
Armor: Robe              |    17 |       ||    17
       Leather armour    |    18 |    38 ||    56
Dodge: Dodged            |    69 |    83 ||   152

Table legend:
 A = Non-vault XP
 B = Vault XP
 C = Vault XP percentage of total XP
 D = Non-vault monster count
 E = Vault monster count
 F = Vault count percentage of total count
                 A         B        C        D         E       F
            +---------+---------+-------+---------+---------+-------
      Total |     144 |     135 |  48.4 |      57 |      25 |  30.5
            +---------+---------+-------+---------+---------+-------
        D:1 |      58 |       0 |   0.0 |      30 |       0 |   0.0
        D:2 |      69 |       0 |   0.0 |      19 |       0 |   0.0
        D:3 |      17 |     135 |  88.8 |       8 |      25 |  75.8
            +---------+---------+-------+---------+---------+-------
